 Dungeon Crawl Stone Soup version 0.17.1-1-g73c8601 (webtiles) character file.

4853 sphynx the Cleaver (level 10, 0/91 HPs)
             Began as a Hill Orc Fighter on Jan 2, 2016.
             Was a Believer of Beogh.
             Slain by a polar bear (15 damage)
             ... created by the rage of Trog
             ... on level 8 of the Dungeon on Jan 4, 2016.
             The game lasted 02:19:26 (9017 turns).

sphynx the Cleaver (Hill Orc Fighter)               Turns: 9017, Time: 02:19:27

Health: 0/91       AC: 24    Str: 22    XL:     10   Next: 49%
Magic:  12/12      EV:  8    Int:  8    God:    Beogh [**....]
Gold:   216        SH:  6    Dex: 17    Spells: 0 memorised, 9 levels left

rFire  + + .     SeeInvis .     J - +1 broad axe of Day {elec, *Noise +Inv Dex+6}
rCold  + . .     Clarity  .     x - +5 plate armour {rF+}
rNeg   . . .     SustAt   .     r - +0 buckler {AC+3}
rPois  +         Gourm    .     q - +0 helmet
rElec  .         Spirit   .     (no cloak)
rCorr  .         Warding  .     (no gloves)
rMut   .         Stasis   .     (no boots)
MR     +....                    i - amulet of regeneration
Stlth  ..........               O - ring "Ukaryun" {+Blink rPois rC+ MR+ Stlth+}
                                j - ring of protection from fire

@: drained, somewhat resistant to hostile enchantments, extremely unstealthy
A: no striking features
a: Smiting, Renounce Religion, Evoke Blink, Evoke Invisibility


You were on level 8 of the Dungeon.
You worshipped Beogh.
Beogh was pleased with you.
You were not hungry.

You visited 2 branches of the dungeon, and saw 9 of its levels.
You also visited: Ossuary.

You collected 478 gold pieces.
You spent 262 gold pieces at shops.

Inventory:

Hand Weapons
 a - a +0 war axe
 G - a +2 flail of distortion
 H - a +0 flail of crushing
 J - the +1 broad axe of Day (weapon) {elec, *Noise +Inv Dex+6}
   (You bought it in a shop on level 6 of the Dungeon)

   Occasionally, upon striking a foe, it will discharge some electrical energy
   and cause terrible harm.
   It affects your dexterity (+6).
   It lets you turn invisible.
   It may make noises in combat.
 M - a +1 vampiric hand axe
Armour
 b - a +1 scale mail
 c - a +0 shield
 g - a +0 helmet
 p - a +0 scale mail
 q - a +0 helmet (worn)
 r - a +0 buckler of protection (worn)
 x - a +5 plate armour of fire resistance (worn)
 K - a +3 leather armour of magic resistance
Jewellery
 i - an amulet of regeneration (around neck)
 j - a ring of protection from fire (left hand)
 O - the ring "Ukaryun" (right hand) {+Blink rPois rC+ MR+ Stlth+}
   (You found it on level 6 of the Dungeon)

   [ring of stealth]

   It protects you from cold.
   It protects you from poison.
   It affects your resistance to hostile enchantments.
   It lets you blink.
   It makes you more stealthy.
Wands
 k - a wand of draining (5)
 l - a wand of disintegration (13)
 s - a wand of confusion (20)
 N - a wand of paralysis (12)
Scrolls
 d - a scroll of recharging
 m - 5 scrolls of amnesia
 t - a scroll of fear
 v - 3 scrolls of remove curse
 B - a scroll of magic mapping
 D - a scroll of noise
 L - a scroll of enchant weapon {unknown}
Potions
 f - a potion of flight
 h - 2 potions of ambrosia
 w - a potion of cancellation
 A - 4 potions of lignification
 C - a potion of degeneration
 F - 2 potions of mutation
 I - 2 potions of poison {unknown}
Books
 E - a book of the Earth

   Spells                             Type                      Level
   a - Leda's Liquefaction            Hexes/Earth                  4
   b - Bolt of Magma                  Conjuration/Fire/Earth       5
   c - Statue Form                    Transmutation/Earth          6
   d - Iron Shot                      Conjuration/Earth            6
   e - Shatter                        Earth                        9
Miscellaneous
 y - a plain deck of defence
Comestibles
 e - 5 bread rations
 n - 5 meat rations
 o - a royal jelly
 u - 3 beef jerkies
 z - 3 fruits


   Skills:
 + Level 9.2(9.1) Fighting
 + Level 11.1(11.0) Axes
 + Level 8.4(8.2) Armour
 + Level 2.4(2.3) Dodging
 + Level 7.8(7.7) Shields
 * Level 3.1(3.0) Invocations


You had 9 spell levels left.
You didn't know any spells.

Dungeon Overview and Level Annotations

Branches:
Dungeon (8/15)             Temple (1/1) D:6
   Lair: D:8-11

Altars:
Ashenzari
Cheibriados
Elyvilon
Fedhas
Gozag
Kikubaaqudgha
Makhleb
Nemelex Xobeh
Okawaru
Qazlal
Ru
Sif Muna
Trog
Vehumet
Xom
Yredelemnul
Zin
The Shining One

Shops:
D:5 %%?   D:6 (   D:7 [


Message History

The polar bear is severely wounded.
The polar bear bites you.
* * * LOW HITPOINT WARNING * * *
You block the polar bear's attack.
The polar bear claws you but does no damage.
The polar bear barely misses you.
The polar bear claws you but does no damage. x2
You barely miss the polar bear.
You hear a strangely pleasant explosion.
The polar bear is severely wounded.
The polar bear bites you!
* * * LOW HITPOINT WARNING * * *
The polar bear claws you but does no damage.
You block the polar bear's attack. The polar bear completely misses you.
The polar bear claws you but does no damage.
The polar bear barely misses you.
The polar bear rages.
The polar bear bites you!
You die...

#..###########
#...........h.
#####..###########
#.h.M..# #M###.##
#.# #.# #.# #.#
#h# #.# #@# #.#
#.# #.# ###### #.#
#>. ...... #.#
###### #.# #.# #.#
#.# #.#


You could see 2 polar bears and a mummy.

Vanquished Creatures
  Pikel (D:8)
  The ghost of cireshan the Conjurer, a novice HECj (D:5)
  A two-headed ogre (D:8)
  5 polar bears
  Prince Ribbit (D:8)
  2 hippogriffs
  2 wraiths (D:8)
  A spriggan (D:7)
  Edmund (D:6)
  Duvessa (D:6)
  An orc warrior (D:7)
  6 black bears
  An ice beast (D:8)
  5 ogres
  2 centaurs
  A necrophage (D:8)
  A giant frog (D:5)
  2 big kobolds (D:8)
  A gnoll sergeant (D:6)
  Dowan (D:6)
  4 water moccasin zombies (Ossuary)
  2 wights (D:8)
  3 jellies
  8 killer bees
  4 crimson imps
  A centaur zombie (D:8)
  A centaur skeleton (D:7)
  A hound (D:8)
  3 human zombies (D:8)
  An orc priest (D:7)
  6 worker ants
  2 orc wizards
  Natasha (twice) (D:3)
  2 iguanas
  A big kobold zombie (Ossuary)
  3 mummies
  6 gnolls
  10 adders
  3 adder skeletons
  5 adder zombies (Ossuary)
  3 giant geckos
  10 orcs
  3 ball pythons
  6 bats
  5 giant cockroaches
  6 goblins
  5 hobgoblins
  7 jackals
  21 kobolds
  2 quokkas
  A giant gecko skeleton (D:5)
  A giant newt (D:1)
  4 gnoll zombies (Ossuary)
  6 hobgoblin zombies (Ossuary)
  6 kobold zombies (Ossuary)
  5 orc zombies (Ossuary)
  6 rats
  A plant (D:1)
203 creatures vanquished.

Vanquished Creatures (others)
  An ogre (D:8)
  2 slaves (D:8)
  A giant frog (D:8)
  An orc priest (D:4)
  An adder skeleton (D:4)
  3 orcs (D:4)
  A ball python skeleton (D:4)
  2 jackals
  A fungus (D:7)
13 creatures vanquished.

Grand Total: 216 creatures vanquished

Notes
Turn   | Place    | Note
--------------------------------------------------------------
     0 | D:1      | sphynx the Hill Orc Fighter began the quest for the Orb.
     0 | D:1      | Reached XP level 1. HP: 19/19 MP: 1/1
   175 | D:1      | Reached XP level 2. HP: 27/27 MP: 2/2
   649 | D:1      | Reached skill level 4 in Fighting
   700 | D:1      | Reached XP level 3. HP: 28/33 MP: 3/3
  1557 | D:2      | Reached XP level 4. HP: 41/41 MP: 4/4
  2011 | D:2      | Found a bloodstained altar of Trog.
  2012 | D:2      | Found an iron altar of Okawaru.
  2042 | D:2      | Became a worshipper of Trog the Wrathful
  2144 | D:3      | Found a faded altar to an unknown god.
  2907 | D:3      | Noticed Natasha
  2915 | D:3      | Killed Natasha
  2915 | D:3      | Reached skill level 1 in Dodging
  3134 | D:3      | Noticed Natasha
  3147 | D:3      | Killed Natasha
  3147 | D:3      | Reached XP level 5. HP: 41/47 MP: 5/5
  3404 | D:4      | Fell from the grace of Trog
  3404 | D:4      | Became a worshipper of Beogh the Brigand
  3453 | D:4      | Found a shimmering altar of Xom.
  3484 | D:4      | Found a shimmering altar of Xom.
  3489 | D:4      | Found a shimmering altar of Xom.
  3489 | D:4      | Found a shimmering altar of Xom.
  3491 | D:4      | Found a shimmering altar of Xom.
  3504 | D:4      | Noticed a hippogriff
  3526 | D:4      | Killed a hippogriff
  3526 | D:4      | Reached skill level 5 in Fighting
  3526 | D:4      | Reached XP level 6. HP: 38/56 MP: 6/6
  4020 | D:4      | Found a white marble altar of Elyvilon.
  4173 | D:5      | Entered Level 5 of the Dungeon
  4222 | D:5      | Found a sand-covered staircase.
  4226 | Ossuary  | Entered an ossuary
  4349 | Ossuary  | Reached skill level 5 in Axes
  4349 | Ossuary  | Reached skill level 5 in Armour
  4349 | Ossuary  | Reached XP level 7. HP: 55/61 MP: 7/7
  4358 | Ossuary  | Reached skill level 5 in Shields
  4397 | Ossuary  | Reached * piety under Beogh
  4539 | D:5      | Found a snail-covered altar of Cheibriados.
  4590 | D:5      | Noticed cireshan's ghost (novice HECj)
  4592 | D:5      | Found Otih's Food Shop.
  4617 | D:5      | Reached skill level 6 in Fighting
  4623 | D:5      | Killed cireshan's ghost
  4623 | D:5      | Reached XP level 8. HP: 9/71 MP: 8/8
  4631 | D:5      | HP: 3/71 [poisoned by cireshan's ghost]
  4636 | D:5      | HP: 2/71 [poisoned by cireshan's ghost]
  4642 | D:5      | HP: 3/71 [poisoned by cireshan's ghost]
  4844 | D:5      | Found Ihicuus's Food Boutique.
  4880 | D:5      | Reached skill level 7 in Fighting
  4899 | D:5      | Bought a royal jelly for 28 gold pieces
  5459 | D:5      | Found a burning altar of Makhleb.
  5462 | D:5      | Found a glowing silver altar of Zin.
  5463 | D:5      | Noticed an Executioner
  5463 | D:5      | Noticed an angel
  5603 | D:5      | Found Goteh's Magic Scroll Boutique.
  5630 | D:5      | Noticed a polar bear
  5630 | D:5      | Noticed a polar bear
  5798 | D:6      | Noticed a polar bear
  5798 | D:6      | Noticed a polar bear
  5798 | D:6      | Noticed a polar bear
  5849 | D:6      | Killed a polar bear
  5854 | D:6      | Killed a polar bear
  5924 | D:6      | Found Reaxt's Antique Weapon Shoppe.
  5963 | D:6      | Killed a polar bear
  6190 | D:6      | You fall through a shaft for 2 floors!
  6202 | D:8      | Noticed Prince Ribbit
  6237 | D:8      | Reached skill level 8 in Axes
  6271 | D:8      | Reached ** piety under Beogh
  6286 | D:8      | Reached XP level 9. HP: 77/79 MP: 9/9
  6533 | D:8      | Killed Prince Ribbit
  6533 | D:8      | Reached skill level 9 in Axes
  6606 | D:7      | Found a stormy altar of Qazlal.
  6621 | D:7      | Found a basalt altar of Yredelemnul.
  6783 | D:7      | Found Vesa's Antique Armour Shop.
  6881 | D:7      | Found a blossoming altar of Fedhas.
  6998 | D:7      | Reached skill level 10 in Axes
  7125 | D:7      | Found an opulent altar of Gozag.
  7462 | D:6      | Noticed Duvessa
  7462 | D:6      | Noticed Dowan
  7807 | D:6      | Killed Duvessa
  7821 | D:6      | Killed Dowan
  7868 | D:6      | Reached XP level 10. HP: 90/90 MP: 10/10
  7901 | D:6      | Bought a jewelled broad axe for 234 gold pieces
  7908 | D:6      | Identified the cursed +1 broad axe of Day {elec, *Noise +Inv Dex+6} (You bought it in a shop on level 6 of the Dungeon)
  8001 | D:6      | Noticed Edmund
  8012 | D:6      | Killed Edmund
  8122 | D:6      | Found a staircase to the Ecumenical Temple.
  8146 | Temple   | Entered the Ecumenical Temple
  8298 | D:6      | Got a warped bronze ring
  8311 | D:6      | Identified the ring "Ukaryun" {+Blink rPois rC+ MR+ Stlth+} (You found it on level 6 of the Dungeon)
  8517 | D:8      | Reached skill level 1 in Invocations
  8586 | D:8      | Found an ancient bone altar of Kikubaaqudgha.
  8762 | D:8      | Noticed Pikel
  8796 | D:8      | Killed Pikel
  8796 | D:8      | Reached skill level 11 in Axes
  9017 | D:8      | Slain by a polar bear

Action                   |  1- 3 |  4- 6 |  7- 9 | 10-12 || total
-------------------------+-------+-------+-------+-------++-------
Melee: War axe           |   187 |   243 |   576 |       ||  1006
       Broad axe         |       |       |       |   103 ||   103
Invok: Convert to Beogh  |       |     1 |       |       ||     1
       Smiting           |       |       |       |     3 ||     3
 Abil: Evoke Blink       |       |       |       |     4 ||     4
  Use: Potion            |     2 |     3 |     9 |       ||    14
       Scroll            |     1 |    11 |    13 |     3 ||    28
  Eat: Chunk             |     1 |     6 |     6 |       ||    13
       Royal jelly       |     1 |       |     2 |       ||     3
       Bread ration      |       |     1 |     3 |     1 ||     5
       Pizza             |       |       |     1 |       ||     1
